 Dungeon Crawl Stone Soup version 0.27.1-35-g4d5d836560 (webtiles) character file.

Game seed: 4187059556774772583

37 croobank the Firebug (level 3, 0/24 HPs)
             Began as a Demonspawn Fire Elementalist on June 20, 2022.
             Slain by a worm (5 damage)
             ... on level 2 of the Dungeon.
             The game lasted 00:04:52 (1375 turns).

croobank the Firebug (Demonspawn Fire Elementalist) Turns: 1375, Time: 00:04:53

Health: 0/24       AC:  3    Str:  8    XL:     3   Next: 23%
Magic:  0/6        EV: 11    Int: 17    God:
Gold:   58         SH:  4    Dex: 13    Spells: 5/6 levels left

rFire    . . .     SeeInvis .   e - +0 whip
rCold    . . .     Faith    .   (no shield)
rNeg     . . .     Spirit   .   i - +0 leather armour
rPois    .         Reflect  .   (no helmet)
rElec    .         Harm     .   (no cloak)
rCorr    .         Rampage  .   (no gloves)
Will     .....                  (no boots)
Stlth    ++........             (no amulet)
HPRegen  0.08/turn              (no ring)
MPRegen  0.10/turn              (no ring)

@: no status effects
A: condensation shield
a: no special abilities


You were on level 2 of the Dungeon.
You visited 1 branch of the dungeon, and saw 2 of its levels.

You collected 58 gold pieces.

Inventory:

Hand Weapons
 e - a +0 whip (weapon)
 h - a +0 dagger
 l - a +0 long sword
Missiles
 f - 39 stones
Armour
 a - a +0 robe
 i - a +0 leather armour (worn)
 j - a +0 ring mail
Scrolls
 d - a scroll of teleportation {unknown}
 g - a scroll of magic mapping {unknown}
Potions
 b - a potion of experience {unknown}
 c - a potion of haste {unknown}
 k - a potion of curing {unknown}
 m - 2 potions of degeneration {unknown}


   Skills:
 + Level 0.2 Maces & Flails
 + Level 2.1 Dodging
 + Level 2.0 Stealth
 + Level 0.1 Unarmed Combat
 + Level 2.3 Spellcasting
 + Level 1.2 Conjurations
 + Level 3.2 Fire Magic


You had 5 spell levels left.
You knew the following spells:

 Your Spells              Type           Power      Damage    Failure   Level
a - Foxfire               Conj/Fire      36%        2x1d5     11%         1

Your spell library contained the following spells:

 Spells                   Type           Power      Damage    Failure   Level
 Conjure Flame            Conj/Fire      9%         6-21      32%         3
 Inner Flame              Hex/Fire       7%         N/A       38%         3
 Sticky Flame             Conj/Fire      9%         2d3       73%         4
 Fireball                 Conj/Fire      4%         3d4       97%         5


Dungeon Overview and Level Annotations

Branches:
Dungeon (2/15)

Altars:


Innate Abilities, Weirdness & Mutations

A meltable shield of frost defends you. (SH +4)


Message History

The adder is severely wounded.
The ball python bites you. The ball python grabs you.
The ball python constricts you. The adder bites you.
You hit the adder.
You kill the adder!
The ball python bites you. The ball python constricts you.
The ball python barely misses you. The ball python constricts you.
You have reached level 3!
Your experience leads to an increase in your attributes!
Increase (S)trength, (I)ntelligence, or (D)exterity?
You feel clever.
Casting: Foxfire (safe; 11% risk of failure)
Confirm with . or Enter, or press ? or * to list all spells.
You conjure some foxfire!
The ball python closely misses you. The ball python constricts you.
You closely miss the ball python.
The foxfire hits the ball python.
The ball python is moderately wounded.
The foxfire hits the ball python.
You kill the ball python!
You hit the goblin.
The goblin is moderately wounded.
You block the goblin's attack.
You closely miss the goblin.
The goblin is moderately wounded.
The goblin hits you with a +0 club.
You barely miss the goblin.
The goblin is moderately wounded.
The goblin hits you with a +0 club.
* * * LOW HITPOINT WARNING * * *
You hit the goblin.
The goblin is severely wounded.
The goblin hits you with a +0 club.
* * * LOW HITPOINT WARNING * * *
The goblin misses you.
You hit the goblin.
You kill the goblin!
Casting: Foxfire (safe; 11% risk of failure)
Confirm with . or Enter, or press ? or * to list all spells.
You conjure some foxfire!
The worm bites you.
You die...

..# ##.
... .S
#.#..
#.#.
.##.###..
........#
#.# #w##
#@v# ##v#
#.# #.#
#.#
####.#
##....#
#.....##
#......#


You could see a worm (ally target).

Vanquished Creatures
  2 adders (D:2)
  An endoplasm (D:1)
  2 giant cockroaches (D:1)
  3 goblins
  2 hobgoblins (D:2)
  2 kobolds (D:1)
  A quokka (D:1)
  2 ball pythons (D:2)
  2 bats (D:1)
  A frilled lizard (D:1)
18 creatures vanquished.

Vanquished Creatures (others)
  25 foxfires
  A withered plant (D:1)
26 creatures vanquished.

Grand Total: 44 creatures vanquished

Notes
Turn   | Place    | Note
-------+----------+-------------------------------------------
     0 | D:1      | croobank the Demonspawn Fire Elementalist began the quest
                  | for the Orb.
     0 | D:1      | Reached XP level 1. HP: 13/13 MP: 3/3
   102 | D:1      | Found a faded altar of an unknown god.
   757 | D:1      | Gained mutation: A meltable shield of frost defends you.
                  | (SH +4) [demonic ancestry]
   757 | D:1      | Reached XP level 2. HP: 19/19 MP: 1/5
  1360 | D:2      | Reached skill level 3 in Fire Magic
  1368 | D:2      | Reached XP level 3. HP: 10/24 MP: 1/6
  1375 | D:2      | Slain by a worm

Illustrated notes

Levels and vault maps discovered:
D:1:      elethiomel_arrival_maze, layout_loops_ring,
          ebering_ecumenical_altar_petrified, minmay_crystal_water
D:2:      layout_loops_cross

Skill      XL: |  1  2 |
---------------+-------+-----
Dodging        | 2 |  2.1
Stealth        | 2 |  2.0
Fire Magic     | 3 |  3.2
Maces & Flails | |  0.2
Unarmed Combat | |  0.1
Spellcasting   | |  2.3
Conjurations   | |  1.2

Action                   || total
-------------------------++-------
Melee: Unarmed           ||    11
       Whip              ||    34
 Cast: Foxfire           ||    18
 Stab: Sleeping          ||     2
Armor: Robe              ||     4
       Leather armour    ||     5
Dodge: Dodged            ||    22
Block: Other             ||     3
